 Dungeon Crawl Stone Soup version 0.31-a0-167-g1c394c0614 (webtiles) character file.

Game seed: 14252682262225951720

59 qw the Chopper (level 4, 0/28 HPs)
             Began as a Gargoyle Fighter on June 14, 2023.
             Slain by Terence
             ... wielding a +0 mace
              (7 damage)
             ... on level 3 of the Dungeon.
             The game lasted 00:00:45 (1408 turns).

qw the Chopper (Gargoyle Fighter)                   Turns: 1408, Time: 00:00:46

Health: 0/28       AC: 11    Str: 22    XL:     4   Next: 3%
Magic:  4/4        EV:  9    Int:  8    God:
Gold:   70         SH:  4    Dex:  9    Spells: 3/3 levels left

rFire   . . .        Y - +0 war axe
rCold   . . .        c - +0 buckler
rNeg    + . .        b - +0 scale mail
rPois   inf          (no helmet)
rElec   +            (no cloak)
rCorr   .            l - +0 pair of gloves
SInv    .            (no boots)
Will    .....        k - amulet of faith Stlth
                     (no ring)
HPRegen 0.24/turn    (no ring)
MPRegen 0.09/turn

%: faith
@: about to teleport
A: sickness immunity, AC +3, negative energy resistance 1, electricity
resistance, torment resistance 1, petrification resistance
a: no special abilities


You were on level 3 of the Dungeon.
You visited 1 branch of the dungeon, and saw 3 of its levels.

You collected 70 gold pieces.


Innate Abilities, Weirdness & Mutations

You are immune to sickness and miasma.
Your stone body is resilient. (AC +3)
You are immune to poison.
You resist negative energy. (rN+)
You are resistant to electric shocks. (rElec)
You are resistant to unholy torment.
You are immune to petrification.


   Skills:
 - Level 3.2 Fighting
 + Level 3.8 Axes
 - Level 3.2 Armour
 - Level 3.2 Shields


You had 3 spell levels left.
You didn't know any spells.
Your spell library was empty.

Inventory:

Hand Weapons
 f - a +0 club
 Y - a +0 war axe (weapon)
Armour
 b - a +0 scale mail (worn)
 c - a +0 buckler (worn)
 l - a +0 pair of gloves (worn)
Jewellery
 k - an amulet of faith (around neck)
Scrolls
 j - a scroll of teleportation
Potions
 a - a potion of attraction
 d - a potion of might
 e - a potion of lignification {unknown}
 g - a potion of curing {unknown}
 h - a potion of berserk rage {unknown}

Dungeon Overview and Level Annotations

Branches:
Dungeon (3/15)

Altars:
Xom

Annotations:
D:3 Terence


Message History

You closely miss Terence.
Terence is moderately wounded.
You barely miss the kobold. You block the kobold's attack.
Terence hits you with a +0 mace.
You completely miss Terence.
Terence is moderately wounded.
You closely miss the kobold. You block the kobold's attack.
Terence hits you but does no damage.
You barely miss Terence.
Terence is moderately wounded.
You completely miss the kobold. Terence hits you but does no damage.
The kobold barely misses you. The kobold misses you.
Terence hits you with a +0 mace.
You barely miss Terence.
Terence is moderately wounded.
You barely miss the kobold. The kobold hits you but does no damage.
Terence hits you with a +0 mace.
You closely miss Terence.
Terence is moderately wounded.
You hit the kobold.
You kill the kobold!
Terence completely misses you.
You barely miss Terence.
Terence is moderately wounded.
Terence closely misses you. Terence hits you with a +0 mace.
You slash Terence!
Terence is heavily wounded.
Terence says, "Time to say good-bye..."
You block Terence's attack.
You closely miss Terence.
Terence is heavily wounded.
Terence closely misses you.
You hit Terence but do no damage.
Terence is heavily wounded.
You block Terence's attack. Terence hits you with a +0 mace.
1408 ||| READING 2 scrolls of teleportation.
As you read the scroll of teleportation, it crumbles to dust.
You feel strangely unstable. Terence hits you with a +0 mace!
You die...

..# ... ..#.# ..>. ..
#.#.# ....##. #.#.#
.....#.## #...###
.###....######....##
......)....###..<..##
..$......#..#...)...#
....#..)............#
... ##@@..##........#
. ###.....#.....##
#.....#.....#
####.........#
#.#.......#
#..........
##..##.#.##


You could see Terence.

Vanquished Creatures
  An adder (D:2)
  A worm (D:2)
  3 dart slugs
  2 ball pythons
  4 bats
  An endoplasm (D:2)
  3 giant cockroaches
  3 hobgoblins
  2 quokkas
  2 frilled lizards (D:1)
  6 goblins
  7 kobolds
  4 rats
39 creatures vanquished.

Notes
Turn   | Place    | Note
-------+----------+-------------------------------------------
     0 | D:1      | qw the Gargoyle Fighter began the quest for the Orb.
     0 | D:1      | Reached XP level 1. HP: 14/14 MP: 1/1
     0 | D:1      | 0 ||| qw: Version: 0.2-a-29-g1fa15c8
     0 | D:1      | 0 ||| qw: Game counter: 4951
     0 | D:1      | 0 ||| qw: Always use a shield: true
     0 | D:1      | 0 ||| qw: God list: Okawaru
     0 | D:1      | 0 ||| qw: Allow faded altars: false
     0 | D:1      | 0 ||| qw: Do Orc after D:15 true
     0 | D:1      | 0 ||| qw: Do second Lair branch before Depths: true
     0 | D:1      | 0 ||| qw: Lair rune preference: random
     0 | D:1      | 0 ||| qw: Plans: Normal, Zot:1-4, Slime:5, God:TSO, Crypt,
                  | Tomb, Abyss, Pan, Hells, Win
     0 | D:1      | 0 ||| PLANNING D:1-11
    21 | D:1      | 21 ||| Stepping ~*~*~tactically~*~*~ (stealth).
    23 | D:1      | 23 ||| Stepping ~*~*~tactically~*~*~ (stealth).
    35 | D:1      | Reached XP level 2. HP: 18/19 MP: 2/2
    93 | D:1      | 93 ||| Stepping ~*~*~tactically~*~*~ (hiding).
   399 | D:1      | Reached skill level 3 in Axes
   403 | D:1      | 403 ||| Stepping ~*~*~tactically~*~*~ (stealth).
   405 | D:1      | 405 ||| Stepping ~*~*~tactically~*~*~ (stealth).
   417 | D:1      | Reached XP level 3. HP: 21/23 MP: 3/3
   541 | D:1      | 541 ||| UPGRADING to amulet of faith.
   546 | D:1      | 546 ||| READING scroll labelled KAXASOCZ RIELE.
   551 | D:1      | 551 ||| READING 2 scrolls labelled REAMUHEDUH.
   552 | D:1      | 552 ||| READING scroll labelled ITINIFOCLI.
   553 | D:1      | 553 ||| DROPPING scroll of fear.
   802 | D:2      | 802 ||| Stepping ~*~*~tactically~*~*~ (stealth).
   890 | D:2      | 890 ||| Stepping ~*~*~tactically~*~*~ (stealth).
  1082 | D:2      | Found a shimmering altar of Xom.
  1308 | D:2      | 1308 ||| UPGRADING to +0 pair of gloves.
  1313 | D:2      | 1313 ||| READING scroll labelled VAZUEBY CENA.
  1314 | D:2      | 1314 ||| READING scroll labelled HAITHE PABLO.
  1315 | D:2      | 1315 ||| DRINKING 2 ruby potions.
  1350 | D:3      | 1350 ||| STAIRDANCE
  1367 | D:3      | Reached XP level 4. HP: 28/28 MP: 4/4
  1381 | D:3      | Noticed Terence
  1382 | D:3      | 1382 ||| Stepping ~*~*~tactically~*~*~ (stealth).
  1391 | D:3      | 1391 ||| Stepping ~*~*~tactically~*~*~ (stealth).
  1392 | D:3      | 1392 ||| Stepping ~*~*~tactically~*~*~ (stealth).
  1407 | D:3      | HP: 7/28 [Terence/+0 mace (4)]
  1408 | D:3      | 1408 ||| READING 2 scrolls of teleportation.
  1408 | D:3      | Slain by Terence

Levels and vault maps discovered:
D:1:      erik_arrival_orb_chamber, layout_basic
D:2:      layout_basic, basic_altar
D:3:      layout_rooms, mainiacjoe_overflow_cross_hatched, serial_shops,
          shop_fountains, minmay_diced_spiral, uniq_terence, uniq_jessica

Skill      XL: |  1  2 |
---------------+-------+-----
Axes           | 2 3 |  3.8
Fighting       | |  3.2
Armour         | |  3.2
Shields        | |  3.2

Action                     |  1- 3 |  4- 6 || total
---------------------------+-------+-------++-------
  Melee: War axe           |    84 |    15 ||    99
    Use: Scroll            |     5 |     1 ||     6
         Potion            |     1 |       ||     1
 Armour: Scale mail        |    41 |     5 ||    46
  Dodge: Dodged            |    33 |     7 ||    40
  Block: Buckler           |    13 |     5 ||    18

Table legend:
 A = Non-vault XP
 B = Vault XP
 C = Vault XP percentage of total XP
 D = Non-vault monster count
 E = Vault monster count
 F = Vault count percentage of total count
                 A         B        C        D         E       F
            +---------+---------+-------+---------+---------+-------
      Total |      85 |       0 |   0.0 |      39 |       0 |   0.0
            +---------+---------+-------+---------+---------+-------
        D:1 |      34 |       0 |   0.0 |      19 |       0 |   0.0
        D:2 |      43 |       0 |   0.0 |      15 |       0 |   0.0
        D:3 |       8 |       0 |   0.0 |       5 |       0 |   0.0
            +---------+---------+-------+---------+---------+-------
